 Dungeon Crawl Stone Soup version 0.28-a0-233-gb8ca4b6547 (webtiles) character file.

Game seed: 13233128804182050970

721 Smaepdii the Conjurer (level 7, -1/54 HPs)
             Began as a Deep Elf Conjurer on Aug 23, 2021.
             Slain by a black bear (3 damage)
             ... on level 5 of the Dungeon.
             The game lasted 00:12:30 (4374 turns).

Smaepdii the Conjurer (Deep Elf Conjurer)           Turns: 4374, Time: 00:12:31

Health: -1/54      AC: 19    Str:  4    XL:     7   Next: 43%
Magic:  2/17       EV:  2    Int: 25    God:
Gold:   207        SH:  0    Dex: 13    Spells: 8/17 levels left

rFire   . . .      SeeInvis .   i - staff of poison
rCold   . . .      Faith    .   (no shield)
rNeg    + + +      Spirit   .   (armour currently unavailable)
rPois   +          Reflect  .   (helmet currently unavailable)
rElec   .          Harm     .   (cloak currently unavailable)
rCorr   .          Rampage  .   (gloves currently unavailable)
Will    .....      NoTele   +   (boots currently unavailable)
Stlth   +++.......              (no amulet)
HPRegen 0.18/turn               (no ring)
MPRegen 0.15/turn               (no ring)

@: tree-form, corroded
A: stationary, stasis, torment immunity, boosted hp
a: no special abilities


You were on level 5 of the Dungeon.
You were a tree.
You visited 1 branch of the dungeon, and saw 5 of its levels.

You collected 207 gold pieces.

Inventory:

Hand Weapons
 c - a +0 dagger
Armour
 a - a +0 robe (melded)
 g - a +0 pair of boots (melded)
Magical Staves
 i - a staff of poison (weapon)
Potions
 b - 2 potions of curing
 e - a potion of flight {unknown}
 f - 2 potions of ambrosia
 h - a potion of heal wounds
 j - a potion of brilliance {unknown}


   Skills:
 + Level 5.0 Dodging
 + Level 5.3 Stealth
 + Level 5.6 Spellcasting
 * Level 7.2 Conjurations


You had 8 spell levels left.
You knew the following spells:

 Your Spells              Type           Power      Damage    Failure   Level
a - Magic Dart            Conj           100%       1d8       1%          1
b - Searing Ray           Conj           86%        3d6       1%          2
c - Dazzling Flash        Conj/Hex       50%        N/A       5%          3
d - Mephitic Cloud        Conj/Pois/Air  28%        N/A       9%          3

Your spell library contained the following spells:

 Spells                   Type           Power      Damage    Failure   Level
 Fulminant Prism          Conj/Hex       12%        3d9       17%         4
 Iskenderun's Mystic Bla  Conj/Tloc      25%        2d7       17%         4
 Ignite Poison            Fire/Tmut/Pois 10%        N/A       24%         3
 Bolt of Magma            Conj/Fire/Erth 9%         4d7       63%         5


Dungeon Overview and Level Annotations

Branches:
Dungeon (5/15)
 Temple: D:4-7

Altars:
Cheibriados
Zin

Annotations:
D:2 1 runed translucent door, Crazy Yiuf


Message History

The hound is heavily wounded.
The stinking cloud engulfs the adder but does no damage.
The adder is moderately wounded.
The hound is engulfed in noxious fumes.
The hound appears confused.
The hound bites the black bear.
The adder is engulfed in noxious fumes.
The adder appears confused.
The black bear is engulfed in noxious fumes.
The black bear appears confused.
Casting: Mephitic Cloud (dangerous; 9% risk of failure)
Confirm with . or Enter, or press ? or * to list all spells.
Aiming: Searing Ray (safe; 1% risk of failure)
Press: ? - help, Shift-Dir - straight line, f - adder
Aim: an adder (moderately wounded, confused, 89% to hit)
The searing ray misses the adder.
The searing ray hits the black bear.
The black bear is moderately wounded. (Press . to maintain the ray.)
The hound is engulfed in noxious fumes.
The hound appears confused.
The adder bites you but does no damage.
The black bear is engulfed in noxious fumes.
The black bear appears confused.
The black bear bites the adder.
The black bear claws the adder.
The adder is killed!
Casting: Searing Ray (safe; 1% risk of failure)
Confirm with . or Enter, or press ? or * to list all spells.
Restarting spell: Searing Ray (safe; 1% risk of failure)
Press: ? - help, Shift-Dir - straight line, f - black bear
Aim: a black bear (noxious fumes, moderately wounded, confused, 96% to hit)
The searing ray hits the black bear!
The black bear is heavily wounded. (Press . to maintain the ray.)
The gnoll shaman zaps a wand.
The bolt of acid hits you!
You are splashed with acid!
* * * LOW HITPOINT WARNING * * *
The black bear is engulfed in noxious fumes.
The hound is engulfed in noxious fumes.
The hound appears confused.
You feel much better.
The gnoll shaman zaps a wand.
The bolt of acid hits you! The acid corrodes you!
You are splashed with acid!
* * * LOW HITPOINT WARNING * * *
The black bear completely misses you. The black bear claws you.
You die...

##..............
##.............##
##..............#
###...............#
#........>..........
###.....##........##
##○........##....
##h......<.......
#♣h○.###.........
#..####..........
##..##........#..
.............# .
#...>gg...#..##
###<#.....#...
###.......... ...


You could see a black bear (confused), a gnoll shaman, a hound (confused) and a
gnoll.

Vanquished Creatures
  A centaur zombie (D:5)
  A necrophage (D:5)
  A scorpion (D:4)
  A bullfrog skeleton (D:4)
  An iguana (D:4)
  A hound skeleton (D:4)
  3 gnolls (D:4)
  5 adders
  A worm (D:2)
  3 dart slugs
  2 orcs
  7 ball pythons
  7 bats
  8 endoplasms
  3 giant cockroaches
  8 goblins
  7 hobgoblins
  2 jackals (D:2)
  4 quokkas
  4 frilled lizards
  4 kobolds
  4 rats
78 creatures vanquished.

Notes
Turn   | Place    | Note
-------+----------+-------------------------------------------
     0 | D:1      | Smaepdii the Deep Elf Conjurer began the quest for the Orb.
     0 | D:1      | Reached XP level 1. HP: 10/10 MP: 6/6
   203 | D:1      | Reached XP level 2. HP: 15/15 MP: 6/8
   394 | D:1      | Learned a level 2 spell: Searing Ray
  1076 | D:2      | Reached XP level 3. HP: 19/19 MP: 4/9
  1262 | D:2      | Reached skill level 5 in Conjurations
  1490 | D:2      | Found a faded altar of an unknown god.
  1627 | D:2      | Reached XP level 4. HP: 24/24 MP: 9/11
  1674 | D:2      | Found a runed translucent door.
  1675 | D:2      | Noticed Crazy Yiuf
  3233 | D:4      | Found a glowing silver altar of Zin.
  3297 | D:4      | Reached XP level 5. HP: 28/28 MP: 6/13
  3632 | D:4      | Reached skill level 6 in Conjurations
  3775 | D:4      | Found a snail-covered altar of Cheibriados.
  3861 | D:5      | Entered Level 5 of the Dungeon
  3861 | D:5      | Noticed a centaur warrior zombie
  3866 | D:5      | HP: 1/28 [gnoll (3)]
  3879 | D:4      | Reached XP level 6. HP: 31/32 MP: 2/14
  4118 | D:5      | Learned a level 3 spell: Dazzling Flash
  4122 | D:5      | Learned a level 3 spell: Mephitic Cloud
  4134 | D:5      | Reached skill level 5 in Dodging
  4134 | D:5      | Reached skill level 5 in Stealth
  4134 | D:5      | Reached skill level 5 in Spellcasting
  4134 | D:5      | Reached skill level 7 in Conjurations
  4134 | D:5      | Reached XP level 7. HP: 14/36 MP: 2/17
  4374 | D:5      | HP: 2/54 [acid (15)]
  4374 | D:5      | Slain by a black bear

Illustrated notes

Levels and vault maps discovered:
D:1:      dpeg_arrival_boxorama, layout_basic
D:2:      layout_rooms, ebering_ecumenical_altar_abandoned,
          minmay_misc_feat_four_crosses, uniq_crazy_yiuf_cottage
D:3:      layout_basic
D:4:      layout_cave_pools, mainiacjoe_overflow_six_doors_small,
          lemuel_coloured_pillars_altar
D:5:      layout_cave_pools

Skill      XL: |  1  2  3  4  5  6 |
---------------+-------------------+-----
Stealth        | 3 4 5 |  5.3
Dodging        | 3 4 5 |  5.0
Conjurations   | 5 6 7 |  7.2
Spellcasting   | 4 5 |  5.6

Action                   |  1- 3 |  4- 6 |  7- 9 || total
-------------------------+-------+-------+-------++-------
Melee: Dagger            |     1 |     3 |       ||     4
       Staff             |       |       |     1 ||     1
 Cast: Magic Dart        |    72 |    63 |     7 ||   142
       Searing Ray       |     6 |    20 |     3 ||    29
       Mephitic Cloud    |       |       |     3 ||     3
  Use: Scroll            |       |     9 |       ||     9
       Potion            |       |     2 |     2 ||     4
Armor: Robe              |     3 |     5 |     4 ||    12
       Skin              |       |    13 |     5 ||    18
Dodge: Dodged            |     8 |    22 |    10 ||    40

Table legend: (Time is in decaauts)
 A = Elapsed time spent in this place.
 B = Non-inter-level travel time spent in this place.
 C = Inter-level travel time spent in this place.
 D = Time resting spent in this place.
 E = Time spent auto-exploring this place.
 F = Levels seen in this place.
 G = Mean time per level.
                   A        B        C        D        E       F      G
               +--------+--------+--------+--------+--------+-----+--------+
         Total |   4374 |   4269 |    105 |   1593 |   2155 |   5 |  874.8 |
       Dungeon |   4374 |   4269 |    105 |   1593 |   2155 |   5 |  874.8 |
               +--------+--------+--------+--------+--------+-----+--------+

Top non-repeatable levels by time:
     D:3: 1128 daAuts
     D:1: 1054 daAuts
     D:4: 994 daAuts
     D:2: 822 daAuts
     D:5: 373 daAuts
